 Dungeon Crawl Stone Soup version 0.23-a0-321-g6bcb69f (webtiles) character file.

12413 epen the Nimble (level 11, -3/86 HPs)
             Began as a Gnoll Gladiator on Oct 15, 2018.
             Was a High Priest of Okawaru.
             Slain by a death yak simulacrum (11 damage)
             ... in an ice cave.
             The game lasted 00:24:20 (13477 turns).

epen the Nimble (Gnoll Gladiator)                  Turns: 13477, Time: 00:24:21

Health: -3/86      AC: 17    Str: 19    XL:     11   Next: 93%
Magic:  20/20      EV: 16    Int: 13    God:    Okawaru [*****.]
Gold:   363        SH:  0    Dex: 16    Spells: 22/23 levels left

rFire    x . .     SeeInvis .   I - +1 flail "Getiusmi" {crush, Fragile +Blink rPois Int+3}
rCold    + . .     Gourm    .   (no shield)
rNeg     . . .     Faith    +   j - +0 scale mail
rPois    +         Spirit   .   (helmet restricted)
rElec    .         Reflect  .   v - +2 cloak {+Inv}
rCorr    .         Harm     .   (no gloves)
MR       ++...                  x - +0 pair of boots
Stlth    ++........             S - amulet of faith
HPRegen  0.24/turn              G - ring of ice
MPRegen  0.17/turn              B - +5 ring of protection

@: no status effects
A: distributed training, fangs 1, horns 1, dopey 1, magic resistance 2, strong
nose
a: Heroism, Finesse, Renounce Religion, Evoke Blink, Evoke Invisibility


You were in an ice cave.
You worshipped Okawaru.
Okawaru was extremely pleased with you.
You were not hungry.

You visited 2 branches of the dungeon, and saw 12 of its levels.
You also visited: Ossuary and Ice Cave.

You collected 489 gold pieces.
You spent 126 gold pieces at shops.

Inventory:

Hand Weapons
 a - a +3 double sword of slicing
 I - the +1 flail "Getiusmi" (weapon) {crush, Fragile +Blink rPois Int+3}
   (You found it on level 8 of the Dungeon)

   It inflicts extra damage upon your enemies.
   It affects your intelligence (+3).
   It protects you from poison.
   It lets you blink.
   It will be destroyed if unequipped.
 P - a +2 great sword of freezing
Missiles
 d - 5 throwing nets (quivered)
 X - 8 poisoned javelins
 Y - 6 javelins
Armour
 c - a +1 helmet
 j - a +0 scale mail (worn)
 v - a +2 cloak of invisibility (worn)
 x - a +0 pair of boots (worn)
Jewellery
 i - an uncursed ring of protection from fire
 t - an uncursed ring of wizardry
 B - a +5 ring of protection (right hand)
 G - a ring of ice (left hand)
 J - an uncursed amulet of guardian spirit
 N - an uncursed ring of magical power
 O - an uncursed ring of protection from magic
 Q - the amulet "Pettain" {Gourm *Corrode rN++}
   (You found it on level 10 of the Dungeon)

   [amulet of the gourmand]

   It allows you to eat raw meat even when not hungry.
   It greatly protects you from negative energy.
   It may corrode you when you take damage.
 S - an amulet of faith (around neck)
 V - an uncursed amulet of the acrobat {unknown}
Wands
 m - a wand of polymorph (51)
 n - a wand of random effects (42)
 p - a wand of flame (34)
 D - a wand of paralysis (10)
 K - a wand of digging (20)
 T - a wand of iceblast (3)
Scrolls
 g - 8 scrolls of teleportation
 h - 2 scrolls of noise
 q - 5 scrolls of remove curse
 w - a scroll of enchant armour
 y - 5 scrolls of enchant weapon
 C - a scroll of fear
 F - a scroll of amnesia
 L - 2 scrolls of magic mapping
 R - 3 scrolls of identify
Potions
 e - a potion of might
 k - 4 potions of brilliance
 l - 7 potions of curing
 o - a potion of mutation
 r - 3 potions of cancellation
 s - 3 potions of degeneration
 u - a potion of flight
 A - a potion of agility
 H - 2 potions of magic
Comestibles
 b - a chunk of flesh
 f - 18 rations


   Skills:
 + Level 8.1 Fighting
 + Level 6.6 Short Blades
 + Level 9.4 Long Blades
 + Level 6.6 Axes
 + Level 6.6 Maces & Flails
 + Level 6.6 Polearms
 + Level 6.6 Staves
 + Level 6.6 Slings
 + Level 6.6 Bows
 + Level 6.6 Crossbows
 + Level 8.1 Throwing
 + Level 6.6 Armour
 + Level 9.4 Dodging
 + Level 6.6 Stealth
 + Level 6.6 Shields
 + Level 6.6 Unarmed Combat
 + Level 6.6 Spellcasting
 + Level 5.5 Conjurations
 + Level 5.5 Hexes
 + Level 5.5 Charms
 + Level 5.5 Summonings
 + Level 5.5 Necromancy
 + Level 5.5 Translocations
 + Level 5.5 Transmutations
 + Level 5.5 Fire Magic
 + Level 5.5 Ice Magic
 + Level 5.5 Air Magic
 + Level 5.5 Earth Magic
 + Level 5.5 Poison Magic
 + Level 7.2 Invocations
 + Level 6.6 Evocations


You had 22 spell levels left.
You knew the following spells:

 Your Spells              Type           Power        Failure   Level  Hunger
a - Apportation           Tloc           ###...       4%          1    None

Your spell library contained the following spells:

 Spells                   Type           Power        Failure   Level  Hunger
 Animate Skeleton         Necr           N/A          4%          1    None
 Confusing Touch          Hex            ###...       4%          1    None
 Magic Dart               Conj           ###.         4%          1    None
 Summon Small Mammal      Summ           ###.         4%          1    None
 Blink                    Tloc           N/A          7%          2    #......
 Call Imp                 Summ           ###.....     7%          2    #......
 Searing Ray              Conj           ###...       7%          2    #......
 Slow                     Hex            ###.....     7%          2    #......
 Conjure Flame            Conj/Fire      ###.....     14%         3    ###....
 Dazzling Spray           Conj/Hex       ###...       14%         3    ###....
 Mephitic Cloud           Conj/Pois/Air  ###.....     14%         3    ###....
 Force Lance              Conj/Tloc      ###.....     41%         4    ####...
 Fulminant Prism          Conj/Hex       ###.......   41%         4    ####...
 Iskenderun's Mystic Bla  Conj           ###.....     41%         4    ####...


Dungeon Overview and Level Annotations

Branches:
Dungeon (10/15)            Temple (0/1) D:6            Lair (2/6) D:8
 Shoals (0/4) Lair:2          Orc (0/2) D:10
  Snake: Lair:2-4    Spider: Lair:2-4

Altars:
Nemelex Xobeh
Okawaru
Qazlal
Trog
Xom
Yredelemnul
The Shining One

Shops:
D:4 (   D:7 !   D:9 =

Annotations:
Lair:1 exclusion: oklob plant


Innate Abilities, Weirdness & Mutations

Your experience applies equally to all skills.
You have very sharp teeth.
Your uncanny sense of smell can sniff out nearby items.
You have a pair of small horns on your head.
You are dopey. (Int -2)
You are highly resistant to hostile enchantments. (MR++)


Message History

The death yak simulacrum gores you but does no damage.
You thump the death yak simulacrum! You headbutt the death yak simulacrum.
The death yak simulacrum is heavily damaged.
Your hands slow down.
You hit the death yak simulacrum.
The death yak simulacrum is heavily damaged.
The death yak simulacrum gores you but does no damage.
Some of the chunks of flesh in your inventory have rotted away.
You hit the death yak simulacrum. You bite the death yak simulacrum.
The death yak simulacrum is severely damaged.
The death yak simulacrum gores you. The death yak simulacrum freezes you!
You resist.
* * * LOW HITPOINT WARNING * * *
You hit the death yak simulacrum.
You headbutt the death yak simulacrum, but do no damage.
The death yak simulacrum is severely damaged.
The death yak simulacrum gores you!
* * * LOW HITPOINT WARNING * * *
The death yak simulacrum freezes you! You resist.
You die...

#### ##..##
##....###
#.......##.
########.∩.∩......
#@Z...............
#########....##ZZ#
##..## ## ####


You could see a death yak simulacrum.

Vanquished Creatures
  Harold (Lair:2)
  Urug (Lair:1)
  Maurice (D:8)
  2 spiny frogs
  3 hornets (D:10)
  Grinder (D:5)
  4 hippogriffs
  A wyvern (Lair:2)
  7 yaks
  A hungry ghost (D:7)
  A soldier ant (D:10)
  3 water moccasins (Lair:1)
  6 porcupines
  4 ice beasts
  2 sky beasts
  6 orc warriors
  A phantom (D:10)
  2 necrophages
  5 ogres
  3 centaurs
  4 crocodiles
  11 bullfrogs
  13 scorpions
  3 killer bees (D:7)
  12 wights
  2 howler monkeys
  3 centaur zombies
  8 crimson imps
  A bullfrog zombie (D:2)
  3 hounds
  4 jellies
  A quasit (D:7)
  5 orc priests
  3 iguanas
  8 orc wizards
  A human zombie (Ossuary)
  Jessica (D:3)
  3 bullfrog skeletons
  5 worker ants
  A wolf simulacrum (IceCv)
  2 big kobold zombies (Ossuary)
  A hound skeleton (D:4)
  3 mummies (Ossuary)
  Robin (D:3)
  3 gnolls (D:8)
  4 scorpion zombies (Ossuary)
  12 adders
  4 shadow imps
  2 oozes
  An adder skeleton (D:6)
  4 worms
  2 dart slugs (D:1)
  7 leopard geckos
  22 orcs
  3 ball pythons
  5 giant cockroaches
  18 goblins
  8 hobgoblins
  8 jackals
  2 quokkas
  6 bats
  3 frilled lizards
  6 gnoll zombies (Ossuary)
  3 hobgoblin zombies (Ossuary)
  2 kobolds
  3 kobold zombies (Ossuary)
  3 leopard gecko skeletons
  A quokka skeleton (D:4)
  5 rats
291 creatures vanquished.

Vanquished Creatures (others)
  A fungus (Lair:2)
  3 plants (Lair:2)
4 creatures vanquished.

Grand Total: 295 creatures vanquished

Notes
Turn   | Place    | Note
-------+----------+-------------------------------------------
     0 | D:1      | epen the Gnoll Gladiator began the quest for the Orb.
     0 | D:1      | Reached XP level 1. HP: 20/20 MP: 1/1
    87 | D:1      | Reached XP level 2. HP: 26/26 MP: 2/2
   549 | D:2      | Reached XP level 3. HP: 31/31 MP: 3/3
   581 | D:2      | Found a bloodstained altar of Trog.
   750 | D:2      | Found an iron altar of Okawaru.
   756 | D:2      | Reached skill level 1 in Invocations
   778 | D:2      | Became a worshipper of Warmaster Okawaru
   788 | D:2      | Reached skill level 1 in Short Blades
   788 | D:2      | Reached skill level 1 in Axes
   788 | D:2      | Reached skill level 1 in Maces & Flails
   788 | D:2      | Reached skill level 1 in Polearms
   788 | D:2      | Reached skill level 1 in Staves
   788 | D:2      | Reached skill level 1 in Slings
   788 | D:2      | Reached skill level 1 in Bows
   788 | D:2      | Reached skill level 1 in Crossbows
   788 | D:2      | Reached skill level 1 in Armour
   788 | D:2      | Reached skill level 1 in Stealth
   788 | D:2      | Reached skill level 1 in Shields
   788 | D:2      | Reached skill level 1 in Unarmed Combat
   788 | D:2      | Reached skill level 1 in Spellcasting
   788 | D:2      | Reached skill level 1 in Evocations
   788 | D:2      | Reached XP level 4. HP: 28/38 MP: 5/5
  1294 | D:3      | Reached skill level 1 in Conjurations
  1294 | D:3      | Reached skill level 1 in Hexes
  1294 | D:3      | Reached skill level 1 in Charms
  1294 | D:3      | Reached skill level 1 in Summonings
  1294 | D:3      | Reached skill level 1 in Necromancy
  1294 | D:3      | Reached skill level 1 in Translocations
  1294 | D:3      | Reached skill level 1 in Transmutations
  1294 | D:3      | Reached skill level 1 in Fire Magic
  1294 | D:3      | Reached skill level 1 in Ice Magic
  1294 | D:3      | Reached skill level 1 in Air Magic
  1294 | D:3      | Reached skill level 1 in Earth Magic
  1294 | D:3      | Reached skill level 1 in Poison Magic
  1294 | D:3      | Reached XP level 5. HP: 43/43 MP: 6/6
  1349 | D:3      | Noticed Robin
  1352 | D:3      | Noticed Jessica
  1827 | D:3      | Killed Jessica
  2019 | D:3      | Killed Robin
  2019 | D:3      | Reached * piety under Okawaru
  2019 | D:3      | Reached XP level 6. HP: 43/50 MP: 8/8
  2309 | D:3      | Found a glowing golden altar of the Shining One.
  2479 | D:4      | Reached skill level 5 in Fighting
  2479 | D:4      | Reached skill level 5 in Throwing
  2659 | D:4      | Reached XP level 7. HP: 56/56 MP: 10/10
  2690 | D:4      | Found Qopijet's Weapon Shoppe.
  2968 | D:5      | Entered Level 5 of the Dungeon
  2968 | D:5      | Found a basalt altar of Yredelemnul.
  2998 | D:5      | Noticed Grinder
  3272 | D:5      | Killed Grinder
  3304 | D:5      | Reached ** piety under Okawaru
  3454 | D:5      | Reached XP level 8. HP: 36/62 MP: 12/12
  3830 | D:6      | Found a sparkling altar of Nemelex Xobeh.
  3893 | D:6      | Found a sand-covered staircase.
  3898 | Ossuary  | Entered an ossuary
  4393 | Ossuary  | Reached *** piety under Okawaru
  4683 | D:6      | Found a staircase to the Ecumenical Temple.
  4712 | D:6      | Reached XP level 9. HP: 69/69 MP: 14/14
  4764 | D:6      | Found a stormy altar of Qazlal.
  4778 | D:6      | Found a shimmering altar of Xom.
  5199 | D:7      | Found an iron altar of Okawaru.
  5225 | D:7      | Found Paugam's Distillery.
  5237 | D:7      | Bought a potion of heal wounds for 70 gold pieces
  5237 | D:7      | Bought a potion of agility for 56 gold pieces
  6115 | D:7      | Reached skill level 5 in Invocations
  6127 | D:7      | Reached **** piety under Okawaru
  6688 | D:8      | Received a gift from Okawaru
  6694 | D:8      | Reached XP level 10. HP: 56/77 MP: 15/17
  6885 | D:8      | Got an ancient flail
  6886 | D:8      | Identified the +1 flail "Getiusmi" {crush, Fragile +Blink
                  | rPois Int+3} (You found it on level 8 of the Dungeon)
  7123 | D:8      | Found a staircase to the Lair.
  7325 | D:8      | Noticed Maurice
  7648 | D:8      | Reached skill level 5 in Short Blades
  7648 | D:8      | Reached skill level 5 in Axes
  7648 | D:8      | Reached skill level 5 in Maces & Flails
  7648 | D:8      | Reached skill level 5 in Polearms
  7648 | D:8      | Reached skill level 5 in Staves
  7648 | D:8      | Reached skill level 5 in Slings
  7648 | D:8      | Reached skill level 5 in Bows
  7648 | D:8      | Reached skill level 5 in Crossbows
  7648 | D:8      | Reached skill level 5 in Armour
  7648 | D:8      | Reached skill level 5 in Stealth
  7648 | D:8      | Reached skill level 5 in Shields
  7648 | D:8      | Reached skill level 5 in Unarmed Combat
  7648 | D:8      | Reached skill level 5 in Spellcasting
  7648 | D:8      | Reached skill level 5 in Evocations
  7958 | D:8      | Killed Maurice
  8132 | D:8      | Gained mutation: You are resistant to hostile enchantments.
                  | (MR+) [potion of mutation]
  8132 | D:8      | Gained mutation: You are dopey. (Int -2) [potion of
                  | mutation]
  8132 | D:8      | Gained mutation: You have a pair of small horns on your
                  | head. [potion of mutation]
  8132 | D:8      | Gained mutation: You are highly resistant to hostile
                  | enchantments. (MR++) [potion of mutation]
  8803 | D:9      | Received a gift from Okawaru
  9409 | D:9      | Found Xeatelakh's Jewellery Shoppe.
  9442 | D:9      | Received a gift from Okawaru
  9821 | D:10     | Entered Level 10 of the Dungeon
  9892 | D:10     | Found a shimmering altar of Xom.
  9910 | D:10     | Learned a level 1 spell: Apportation
  9912 | D:10     | Got a clouded iron amulet
  9913 | D:10     | Identified the amulet "Pettain" {Gourm *Corrode rN++} (You
                  | found it on level 10 of the Dungeon)
 10533 | D:10     | Reached XP level 11. HP: 64/84 MP: 19/19
 11794 | D:10     | Reached skill level 5 in Conjurations
 11794 | D:10     | Reached skill level 5 in Hexes
 11794 | D:10     | Reached skill level 5 in Charms
 11794 | D:10     | Reached skill level 5 in Summonings
 11794 | D:10     | Reached skill level 5 in Necromancy
 11794 | D:10     | Reached skill level 5 in Translocations
 11794 | D:10     | Reached skill level 5 in Transmutations
 11794 | D:10     | Reached skill level 5 in Fire Magic
 11794 | D:10     | Reached skill level 5 in Ice Magic
 11794 | D:10     | Reached skill level 5 in Air Magic
 11794 | D:10     | Reached skill level 5 in Earth Magic
 11794 | D:10     | Reached skill level 5 in Poison Magic
 12015 | D:10     | Found a staircase to the Orcish Mines.
 12126 | Lair:1   | Entered Level 1 of the Lair of Beasts
 12180 | Lair:1   | Received a gift from Okawaru
 12331 | Lair:1   | Noticed an oklob plant
 12430 | Lair:1   | Reached ***** piety under Okawaru
 13002 | Lair:1   | Noticed Urug
 13013 | Lair:1   | Killed Urug
 13210 | Lair:2   | Noticed Harold
 13229 | Lair:2   | Killed Harold
 13229 | Lair:2   | Received a gift from Okawaru
 13247 | Lair:2   | Received a gift from Okawaru
 13349 | Lair:2   | Noticed an eight-headed hydra
 13376 | Lair:2   | Found a frozen archway.
 13427 | Lair:2   | Found a staircase to the Shoals.
 13429 | Lair:2   | Noticed a manticore
 13452 | IceCv    | Entered an ice cave
 13477 | IceCv    | Slain by a death yak simulacrum

Vault maps used:
D:1:      dpeg_arrival_court
D:2:      bloody_trog, okawaru_trees_1, minmay_pentomino_v2
D:3:      old_standard_altar, first_ration, uniq_robin, uniq_jessica
D:4:      serial_shops, kennysheep_little_box
D:5:      overflow_temple_1_default, uniq_grinder
D:6:      nemelex_xobeh_ov_fountains_minmay, lemuel_doored_altar,
          nicolae_qazlal_general_emergency, minmay_temple_entry_junction,
          nicolae_ossuary_entry_false_entrances
D:7:      serial_shops, shop, basic_altar
D:8:      grunt_lair_entry_orc_guard_hut, uniq_maurice
D:9:      minmay_four_partial_circles, serial_shops, shop_fountains
D:10:     david_orc_4, hangedman_pestilent_swarm, minmay_misc_feat_four_crosses,
          xom_teletrap_fun
Lair:1:   minmay_lair_oklob_chamber, grunt_megastairs_1, uniq_urug
Lair:2:   minmay_shoals_entry_beasts, portal_ice_cave_entry_ice_beasts,
          serial_bayou_lagoon_b, uniq_sonja, uniq_harold
Ossuary:  ossuary_minmay_scorpions
IceCv:    ice_cave_small_necro

Skill      XL: |  1  2  3  4  5  6  7  8  9 10 11 |
---------------+----------------------------------+-----
Invocations    | 1 2 3 4 5 6 7 |  7.2
Short Blades   | 1 2 3 4 5 6 |  6.6
Axes           | 1 2 3 4 5 6 |  6.6
Maces & Flails | 1 2 3 4 5 6 |  6.6
Polearms       | 1 2 3 4 5 6 |  6.6
Staves         | 1 2 3 4 5 6 |  6.6
Slings         | 1 2 3 4 5 6 |  6.6
Bows           | 1 2 3 4 5 6 |  6.6
Crossbows      | 1 2 3 4 5 6 |  6.6
Armour         | 1 2 3 4 5 6 |  6.6
Stealth        | 1 2 3 4 5 6 |  6.6
Shields        | 1 2 3 4 5 6 |  6.6
Unarmed Combat | 1 2 3 4 5 6 |  6.6
Spellcasting   | 1 2 3 4 5 6 |  6.6
Evocations     | 1 2 3 4 5 6 |  6.6
Conjurations   | 1 2 3 4 5 |  5.5
Hexes          | 1 2 3 4 5 |  5.5
Charms         | 1 2 3 4 5 |  5.5
Summonings     | 1 2 3 4 5 |  5.5
Necromancy     | 1 2 3 4 5 |  5.5
Translocations | 1 2 3 4 5 |  5.5
Transmutations | 1 2 3 4 5 |  5.5
Fire Magic     | 1 2 3 4 5 |  5.5
Ice Magic      | 1 2 3 4 5 |  5.5
Air Magic      | 1 2 3 4 5 |  5.5
Earth Magic    | 1 2 3 4 5 |  5.5
Poison Magic   | 1 2 3 4 5 |  5.5
Fighting       | 5 6 7 8 |  8.1
Throwing       | 5 6 7 8 |  8.1
Long Blades    | 7 8 9 |  9.4
Dodging        | 7 8 9 |  9.4

Action                   |  1- 3 |  4- 6 |  7- 9 | 10-12 || total
-------------------------+-------+-------+-------+-------++-------
Melee: Long sword        |    75 |   181 |   420 |     4 ||   680
       Bite              |     7 |    30 |    63 |    87 ||   187
       Punch             |     1 |     2 |    14 |    21 ||    38
       Flail             |       |       |       |   533 ||   533
       Headbutt          |       |       |       |   116 ||   116
Throw: Javelin           |       |       |       |     8 ||     8
       Throwing net      |       |       |       |     4 ||     4
 Cast: Apportation       |       |       |       |     1 ||     1
Invok: Heroism           |       |       |     2 |    13 ||    15
       Finesse           |       |       |       |     1 ||     1
 Abil: Evoke Blink       |       |       |       |     2 ||     2
Evoke: Wand              |       |       |     1 |     7 ||     8
  Use: Scroll            |       |     7 |     7 |    11 ||    25
       Potion            |       |       |     3 |     6 ||     9
 Stab: Sleeping          |     1 |       |     3 |     6 ||    10
       Held in net/web   |       |       |       |     1 ||     1
       Paralysed         |       |       |       |     1 ||     1
  Eat: Chunk             |       |     6 |     3 |     9 ||    18
       Ration            |       |       |     4 |     4 ||     8
Armor: Leather armour    |     9 |    27 |       |       ||    36
       Scale mail        |       |    35 |   128 |   154 ||   317
Dodge: Dodged            |    51 |   230 |   252 |   438 ||   971
       Rpst.: Long sword |    14 |    78 |    83 |     1 ||   176

Table legend:
 A = Non-vault XP
 B = Vault XP
 C = Vault XP percentage of total XP
 D = Non-vault monster count
 E = Vault monster count
 F = Vault count percentage of total count
                 A         B        C        D         E       F
            +---------+---------+-------+---------+---------+-------
      Total |   10024 |    7709 |  43.5 |     196 |      95 |  32.6
            +---------+---------+-------+---------+---------+-------
        D:1 |      25 |       0 |   0.0 |      12 |       0 |   0.0
        D:2 |     133 |      11 |   7.6 |      18 |       6 |  25.0
        D:3 |     187 |      67 |  26.4 |      31 |      10 |  24.4
        D:4 |     234 |       0 |   0.0 |      13 |       0 |   0.0
        D:5 |     338 |     267 |  44.1 |       9 |       1 |  10.0
        D:6 |     697 |       0 |   0.0 |      22 |       0 |   0.0
        D:7 |    1531 |       0 |   0.0 |      25 |       0 |   0.0
        D:8 |     823 |    1554 |  65.4 |      16 |       9 |  36.0
        D:9 |     363 |     789 |  68.5 |       8 |      12 |  60.0
       D:10 |    2174 |    1608 |  42.5 |      23 |      19 |  45.2
     Lair:1 |    2278 |    1457 |  39.0 |      13 |       4 |  23.5
     Lair:2 |    1241 |    1113 |  47.3 |       6 |       2 |  25.0
    Ossuary |       0 |     812 | 100.0 |       0 |      31 | 100.0
      IceCv |       0 |      31 | 100.0 |       0 |       1 | 100.0
            +---------+---------+-------+---------+---------+-------
